Map: Ever Dream LE

Players

joseisamurai - Winner!

  • Race: Protoss Protoss
  • League: Silver
  • Spawn Location: 7:00

JohnnyV

  • Race: Terran Terran
  • League: Silver
  • Spawn Location: 1:00

VOD

Have the link to the VOD?

Description

Time

  • Played on: May 22, 2020, 10:03 a.m.
  • Length: 10:12
Show
View Real Time Build Order
Export as new Build Order

joseisamurai Protoss - Winner!

Build Orders: Oracle Opening 

Get SALT Encoding   

  12  0:01  Probe  
  13  0:13  Probe  
  14  0:17  Pylon  
  14  0:26  Probe  
  15  0:37  Gateway  
  15  0:54  Forge  
  15  0:57  Assimilator  
  15  1:00  Probe  
  15  1:02  Assimilator  
  16  1:12  Probe  
  17  1:24  Probe  
  17  1:25  Cybernetics Core  
  18  1:33  Pylon  
  18  1:36  Probe  
  19  1:48  Probe  
  20  1:56  Photon Cannon  
  20  2:00  Probe  
  21  2:13  Probe  
  21  2:14  Stargate  
  22  2:24  Gateway  
  22  2:25  Probe  
  23  2:30  Warp Gate (Chrono Boost)  
  24  2:37  Probe  
  24  2:43  Pylon  
  24  2:49  Probe  
  25  2:54  Oracle (Chrono Boost)  
  28  3:01  Probe  
  29  3:14  Stalker (Chrono Boost)  
  31  3:24  Pylon  
  31  3:33  Oracle (Chrono Boost)  
  31  3:37  Stalker  
  36  3:43  Gateway  
  36  4:07  Stalker  
  38  4:12  Photon Cannon  
  38  4:15  Pylon  
  38  4:18  Photon Cannon  
  38  4:36  Stalker, Shield Battery  
  40  4:41  Shield Battery  
  38  5:06  Stalker  
  40  5:10  Photon Cannon  
  40  5:17  Shield Battery  
  40  5:20  Pylon  
  40  5:36  Stalker  
  40  5:37  Stalker x2  
  46  6:01  Shield Battery  
  46  6:06  Stalker  
  46  6:09  Photon Cannon  
  48  6:27  Stalker x2  
  52  6:33  Nexus  
  52  6:36  Stalker  
  48  6:51  Void Ray  
  52  6:58  Pylon  
  52  7:13  Twilight Council  
  52  7:22  Photon Cannon  
  52  7:23  Photon Cannon  
  52  7:34  Void Ray  
  52  7:35  Shield Battery  
  56  7:52  Blink (Chrono Boost)  
  56  8:09  Shield Battery  
  56  8:12  Shield Battery  
  56  8:45  Probe x2  
  58  8:52  Pylon  
  58  9:11  Dark Shrine  
  58  9:14  Void Ray (Chrono Boost)  
  62  9:47  Shield Battery  
  66  10:08  Assimilator  
  66  10:10  Assimilator  
Show
View Real Time Build Order
Export as new Build Order

JohnnyV Terran 

Build Orders:  

Get SALT Encoding   

  12  0:01  SCV  
  13  0:17  SCV, Supply Depot  
  14  0:29  SCV  
  15  0:41  SCV  
  15  0:42  Supply Depot  
  16  0:53  SCV  
  16  0:56  Barracks  
  17  1:05  Supply Depot  
  17  1:09  Refinery  
  17  1:20  Barracks  
  17  1:28  SCV  
  18  1:40  SCV  
  20  1:52  SCV, Reaper  
  21  1:57  Refinery  
  21  2:08  Marine  
  22  2:17  Orbital Command  
  22  2:25  Marine  
  22  2:28  Marine  
  24  2:43  Marine  
  25  2:46  Marine  
  26  3:04  Marine x2  
  28  3:15  Bunker  
  28  3:22  Marine  
  28  3:25  Bunker  
  29  3:32  Bunker  
  28  3:34  Marine  
  28  3:40  Marine  
  30  3:50  Supply Depot  
  30  3:52  Marine  
  30  3:54  Factory  
  31  3:58  Marine  
  31  4:10  Marine, Barracks  
  31  4:11  SCV  
  31  4:15  Marine  
  34  4:23  SCV  
  35  4:27  Marine  
  36  4:33  Marine  
  36  4:35  SCV  
  36  4:38  Factory Tech Lab  
  38  4:45  Marine  
  38  4:51  Marine  
  38  4:52  Bunker  
  40  5:01  Siege Tank  
  40  5:03  Marine  
  41  5:09  Marine  
  41  5:13  Marine  
  36  5:21  Marine  
  34  5:27  Marine  
  36  5:31  Marine  
  37  5:39  Marine  
  38  5:44  Marine  
  38  5:49  Marine  
  37  5:57  Marine  
  15  6:26  Orbital Command  
  15  6:46  Orbital Command  
  14  7:32  Marine x2  
  14  7:36  Factory Tech Lab  
  15  7:57  Marine x2  
  16  8:12  Siege Tank  
  16  8:29  Marine  
  16  8:32  SCV  
  18  8:54  SCV  
  19  9:06  SCV  
  20  9:18  SCV  
  17  9:34  Orbital Command  
  17  9:45  Marine x2  
Tags
 
Add a new tag
Caveats
  • Supply blocks, unpowered buildings, or Contaminate may cause inaccurate times.
  • Supply counts are checked every 10 seconds.